 Dungeon Crawl Stone Soup version 0.23.1 (webtiles) character file.

Game seed: 12950065688179638206

21 night the Caller (level 2, -4/19 HPs)
             Began as a Mummy Summoner on Mar 15, 2019.
             Slain by Sigmund
             ... wielding a +0 scythe
              (11 damage)
             ... on level 2 of the Dungeon.
             The game lasted 00:05:52 (1854 turns).

night the Caller (Mummy Summoner)                   Turns: 1854, Time: 00:05:53

Health: -4/19      AC:  2    Str: 11    XL:     2   Next: 65%
Magic:  1/6        EV: 12    Int: 14    God:
Gold:   66         SH:  0    Dex: 12    Spells: 5/8 levels left

rFire    x . .     SeeInvis .   h - +0 short sword
rCold    + . .     Gourm    .   (no shield)
rNeg     + + +     Faith    .   a - +0 robe
rPois    ∞         Spirit   .   (no helmet)
rElec    .         Reflect  .   (no cloak)
rCorr    .         Harm     .   (no gloves)
MR       .....                  (no boots)
Stlth    ++........             (no amulet)
HPRegen  0.06/turn              (no ring)
MPRegen  0.10/turn              (no ring)

@: very slightly contaminated
A: no food or potions, fire vulnerability, cold resistance 1, negative energy
resistance 3, torment resistance, unbreathing
a: no special abilities


You were on level 2 of the Dungeon.
You were not hungry.

You visited 1 branch of the dungeon, and saw 2 of its levels.

You collected 66 gold pieces.

Inventory:

Hand Weapons
 d - a +0 dagger
 h - a +0 short sword (weapon)
Missiles
 b - 77 stones (quivered)
 c - 11 bolts
 g - 17 sling bullets
Armour
 a - a +0 robe (worn)
Scrolls
 e - 3 scrolls of identify {unknown}
 f - a scroll of enchant armour {unknown}
 i - a scroll of blinking {unknown}
 j - a scroll of fog {unknown}


   Skills:
 - Level 1.5 Dodging
 - Level 1.5 Stealth
 + Level 3.5 Spellcasting
 + Level 3.6 Summonings


You had 5 spell levels left.
You knew the following spells:

 Your Spells              Type           Power        Failure   Level  Hunger
a - Summon Small Mammal   Summ           ##..         4%          1    N/A
b - Call Imp              Summ           ##......     7%          2    N/A

Your spell library contained the following spells:

 Spells                   Type           Power        Failure   Level  Hunger
 Call Canine Familiar     Summ           ##......     14%         3    N/A
 Summon Guardian Golem    Hex/Summ       #.......     28%         3    N/A
 Summon Ice Beast         Ice/Summ       #.......     67%         4    N/A
 Summon Lightning Spire   Summ/Air       #.......     67%         4    N/A

Dungeon Overview and Level Annotations

Branches:
Dungeon (2/15)

Altars:

Annotations:
D:2 Sigmund


Innate Abilities, Weirdness & Mutations

You do not eat or drink.
Your flesh is vulnerable to fire.
You are immune to poison.
Your flesh is cold resistant. (rC+)
You are immune to negative energy. (rN+++)
You are immune to unholy pain and torment.
You can survive without breathing.


Message History

A goblin comes into view.
Sigmund looks at you with fury. Sigmund misses you.
The white imp closely misses you.
Your crimson imp completely misses Sigmund.
Are you sure you want to stumble around while confused and next to your crimson imp? [Y]es or [N]o only, please.
Are you sure you want to stumble around while confused and next to your crimson imp? [Y]es or [N]o only, please.
Are you sure you want to stumble around while confused and next to your crimson imp?
Okay, then.
The white imp hits you. The white imp freezes you. You resist.
Sigmund hits you from afar with a +0 scythe.
Your crimson imp completely misses Sigmund.
The white imp gestures at you. The puff of frost hits you. You resist.
Your crimson imp closely misses Sigmund.
You feel less confused.
Sigmund hits you from afar with a +0 scythe!
Ouch! That really hurt!
You die...

#... +... ..!
###..#######
.......... .... ..#
#.###.#
#######<....###.####
#........##.@.......
#........##55#/..#..
#.........#@## .##
#)......#.#g. .#
#.......#.#g. ..
#..........#....# ..
................## .
###...####+###...
#...# .


You could see Sigmund, a white imp, a hobgoblin, a goblin and a friendly crimson
imp.

Vanquished Creatures
  A giant cockroach (D:1)
  A goblin (D:1)
  A jackal (D:1)
  5 bats (D:1)
  2 frilled lizards (D:1)
  2 kobolds (D:1)
  A rat (D:1)
13 creatures vanquished.

Vanquished Creatures (collateral kills)
  A giant cockroach (D:1)
  2 goblins (D:1)
  A hobgoblin (D:1)
  4 jackals (D:1)
  5 kobolds
13 creatures vanquished.

Grand Total: 26 creatures vanquished

Notes
Turn   | Place    | Note
-------+----------+-------------------------------------------
     0 | D:1      | night the Mummy Summoner began the quest for the Orb.
     0 | D:1      | Reached XP level 1. HP: 13/13 MP: 4/4
   991 | D:1      | Reached XP level 2. HP: 19/19 MP: 1/6
   995 | D:1      | Learned a level 2 spell: Call Imp
  1837 | D:2      | Noticed Sigmund
  1854 | D:2      | Slain by Sigmund

Skill      XL: |  1 |
---------------+----+-----
Spellcasting   | 3 |  3.5
Dodging        | |  1.5
Stealth        | |  1.5
Summonings     | |  3.6

Action                   || total
-------------------------++-------
Melee: Unarmed           ||     5
       Short sword       ||    45
       Dagger            ||     1
 Cast: Summon Small Mamm ||    32
       Call Imp          ||     6
Armor: Robe              ||    20
Dodge: Dodged            ||    61
